 Dungeon Crawl Stone Soup version 0.29.1-1-gd02db6906a (webtiles) character file.

Game seed: 18411934282947404768

57 groovy9 the Chopper (level 4, 0/39 HPs)
             Began as a Hill Orc Fighter on Sept 24, 2022.
             Succumbed to Robin's poison
             ... on level 2 of the Dungeon.
             The game lasted 00:02:47 (1519 turns).

groovy9 the Chopper (Hill Orc Fighter)              Turns: 1519, Time: 00:02:47

Health: 0/39       AC:  8    Str: 20    XL:     4   Next: 0%
Magic:  4/4        EV:  9    Int:  8    God:
Gold:   38         SH:  4    Dex: 10    Spells: 3/3 levels left

rFire   . . .      SeeInvis .   a - +0 war axe
rCold   . . .      Faith    .   c - +0 buckler
rNeg    . . .      Spirit   .   b - +0 scale mail
rPois   .          Reflect  .   (no helmet)
rElec   .          Harm     .   (no cloak)
rCorr   .          Rampage  .   (no gloves)
Will    .....                   o - +0 pair of boots {Stlth+}
Stlth   +.........              (no amulet)
HPRegen 0.13/turn               (no ring)
MPRegen 0.09/turn               (no ring)

@: mighty, lethally poisoned (0 -> -10)
A: no striking features
a: no special abilities


You were on level 2 of the Dungeon.
You visited 1 branch of the dungeon, and saw 2 of its levels.

You collected 38 gold pieces.

Inventory:

Hand Weapons
 a - a +0 war axe (weapon)
Missiles
 n - 2 curare-tipped darts (quivered)
Armour
 b - a +0 scale mail (worn)
 c - a +0 buckler (worn)
 o - a +0 pair of boots of stealth (worn)
Scrolls
 e - a scroll of noise {unknown}
 f - a scroll of poison {unknown}
 i - a scroll of magic mapping {unknown}
 k - a scroll of amnesia {unknown}
Potions
 g - a potion of invisibility {unknown}
 h - a potion of heal wounds {unknown}
 j - a potion of brilliance {unknown}
 l - a potion of lignification {unknown}
 m - a potion of flight {unknown}


   Skills:
 - Level 3.6 Fighting
 + Level 5.5 Axes
 - Level 3.2 Armour
 - Level 3.2 Shields


You had 3 spell levels left.
You didn't know any spells.
Your spell library was empty.

Dungeon Overview and Level Annotations

Branches:
Dungeon (2/15)

Altars:

Annotations:
D:2 Robin


Message History

Some rock shatters into small pieces.
The goblin hits you but does no damage.
You closely miss the goblin.
The dart slug briefly extends its eye-stalks.
The goblin hits you with a +0 dagger.
* * * LOW HITPOINT WARNING * * *
You barely miss the goblin.
The goblin no longer looks unusually strong.
Robin roars a battlecry!
The goblin goes into a battle-frenzy!
The goblin hits you but does no damage.
You miss the goblin. The goblin hits you but does no damage.
The goblin completely misses you. You block Robin's attack.
You barely miss the goblin. Robin hits you but does no damage.
You are poisoned.
The goblin hits you but does no damage.
You closely miss the goblin.
* * * LOW HITPOINT WARNING * * *
You feel very sick. Robin throws the goblin at you!
You block the goblin's attack.
Okay, then.
You slice the worm!!
You kill the worm!
You slash the goblin!
You kill the goblin!
* * * LOW HITPOINT WARNING * * *
You feel sick. You block Robin's attack.
You slash the kobold!
You kill the kobold!
* * * LOW HITPOINT WARNING * * *
You feel sick. Robin hits you but does no damage.
You are lethally poisoned!
Robin closely misses you.
You have reached level 4!
* * * LOW HITPOINT WARNING * * *
You feel sick.
Robin says, "Duck!"
Robin barely misses you.
Items here: ( ))) †.
You hit Robin but do no damage.
You die...

########## ###
###........# #.#
........##.# #)#
#.....#.##.# #.#
#.....#.##.# #@##.###.
#.....#.##.####g†.......
#.....#.##........#.###.
........##....#)... ..
......#.......#)).......
...####.................
...# #.......#.#.#..##.
...# #.##.##.#.#.#..#
...# #. #.##+#.#.# .#


You could see Robin.

Vanquished Creatures
  An adder (D:2)
  A worm (D:2)
  A dart slug (D:1)
  A bat (D:1)
  7 endoplasms
  A giant cockroach (D:1)
  11 goblins
  4 hobgoblins
  2 jackals (D:1)
  A quokka (D:1)
  4 ball pythons (D:1)
  A frilled lizard (D:1)
  A kobold (D:2)
  A rat (D:2)
37 creatures vanquished.

Notes
Turn   | Place    | Note
-------+----------+-------------------------------------------
     0 | D:1      | groovy9 the Hill Orc Fighter began the quest for the Orb.
     0 | D:1      | Reached XP level 1. HP: 19/19 MP: 1/1
    97 | D:1      | Reached skill level 3 in Axes
   122 | D:1      | Reached XP level 2. HP: 26/26 MP: 2/2
   393 | D:1      | Reached skill level 4 in Axes
   502 | D:1      | Found a faded altar of an unknown god.
   830 | D:1      | Reached XP level 3. HP: 29/31 MP: 3/3
  1392 | D:2      | Reached skill level 5 in Axes
  1490 | D:2      | Noticed Robin
  1518 | D:2      | Reached XP level 4. HP: 5/39 MP: 4/4
  1519 | D:2      | Succumbed to Robin's poison

Illustrated notes

Levels and vault maps discovered:
D:1:      dpeg_arrival_boxorama, layout_basic,
          dreamdust_ecumenical_altar_statues
D:2:      layout_basic, chequers_serial_rivers_micro_b,
          minmay_misc_feat_columns, uniq_robin, uniq_natasha

Skill      XL: |  1  2  3 |
---------------+----------+-----
Axes           | 3 4 5 |  5.5
Fighting       | |  3.6
Armour         | |  3.2
Shields        | |  3.2

Action                   |  1- 3 |  4- 6 || total
-------------------------+-------+-------++-------
Melee: War axe           |    92 |     1 ||    93
  Use: Potion            |     1 |       ||     1
Armor: Scale mail        |    57 |       ||    57
Dodge: Dodged            |    48 |     1 ||    49
Block: Buckler           |    30 |       ||    30
